 Dungeon Crawl Stone Soup version 0.19.1-1-g22dce08 (webtiles) character file.

168 Mesmaeker13 the Poker (level 5, -1/34 HPs)
             Began as a Merfolk Skald on Dec 29, 2016.
             Slain by an orc priest
             ... wielding a +0 dagger
              (3 damage)
             ... on level 2 of the Dungeon.
             The game lasted 00:07:05 (3119 turns).

Mesmaeker13 the Poker (Merfolk Skald)               Turns: 3119, Time: 00:07:06

Health: -1/34      AC:  5    Str: 13    XL:     5   Next: 49%
Magic:  4/8        EV: 13    Int: 12    God:
Gold:   189        SH:  0    Dex: 15    Spells: 3 memorised, 3 levels left

rFire  . . .     SeeInvis .     a - +0 spear
rCold  . . .     Gourm    .     b - +0 leather armour
rNeg   . . .     Faith    .     (no shield)
rPois  +         Spirit   .     m - +0 helmet
rElec  .         Reflect  .     (no cloak)
rCorr  .         Harm     .     (no gloves)
MR     .....                    e - +0 pair of boots
Stlth  +.........               (no amulet)
                                (no ring)
                                (no ring)

@: infused, drained
A: change form in water, swift swim, stealthy swim, agile 1, frail 1, poison
resistance
a: no special abilities


You were on level 2 of the Dungeon.
You were not hungry.

You visited 1 branch of the dungeon, and saw 3 of its levels.

You collected 189 gold pieces.

Inventory:

Hand Weapons
 a - a +0 spear (weapon)
Armour
 b - a +0 leather armour (worn)
 e - a +0 pair of boots (worn)
 m - a +0 helmet (worn)
Scrolls
 h - a scroll of recharging
 i - a scroll of fear
 k - a scroll of remove curse
 n - a scroll of identify
Potions
 l - a potion of mutation
Books
 c - a book of Battle

   Spells                             Type                      Level
   a - Infusion                       Charms                       1
   b - Shroud of Golubria             Charms/Translocation         2
   c - Song of Slaying                Charms                       2
   d - Spectral Weapon                Hexes/Charms                 3
   e - Regeneration                   Charms/Necromancy            3
Comestibles
 d - 3 bread rations
 f - 3 chunks of flesh
 g - a beef jerky
 j - a meat ration


   Skills:
 - Level 2.1(1.6) Fighting
 + Level 5.3(4.7) Polearms
 - Level 0.6(0.1) Armour
 + Level 4.0(3.4) Dodging
 - Level 2.0(1.4) Spellcasting
 + Level 4.5(4.0) Charms


You had 3 spell levels left.
You knew the following spells:

 Your Spells              Type           Power        Failure   Level  Hunger
a - Infusion              Chrm           ##..         10%         1    ##.....
b - Song of Slaying       Chrm           ##......     14%         2    ###....
c - Shroud of Golubria    Chrm/Tloc      #.........   28%         2    ###....


Dungeon Overview and Level Annotations

Branches:
Dungeon (3/15)

Altars:
Hepliaklqana

Annotations:
D:2 Terence
D:3 Grinder


Innate Abilities, Weirdness & Mutations

You revert to your normal form in water.
You are very nimble and swift while swimming.
You are very stealthy in the water. (Stealth+)
You are agile. (Dex +2)
You are frail. (-10% HP)
Your system is resistant to poisons. (rPois)


Message History

The orc is heavily wounded.
The orc misses you.
You hit the orc but do no damage.
The orc is heavily wounded.
A hobgoblin comes into view. It is wielding a club.
You closely miss the orc.
The orc is heavily wounded.
The orc barely misses you.
You closely miss the orc.
The orc is heavily wounded.
The orc misses you.
You hit the orc.
The orc is almost dead.
The orc closely misses you.
You hit the orc.
You kill the orc!
You hit the orc priest.
The orc priest is moderately wounded.
The orc priest hits you with a dagger.
You die...

#########(.................#
.....).....................#
...........................#
...........................#
.........###...............#
.........# #........>......#
.........# ####.o..........#
.........# ##o#####.....#
.........# #@# ######
#######.## #.# #.# #.# #.#
#.# #.########.#
#..........# ############


You could see an orc priest and an orc.

Vanquished Creatures
  Ijyb (D:2)
  Robin (D:2)
  5 adders (D:2)
  2 oozes (D:2)
  2 worms
  A dart slug (D:2)
  2 leopard geckos
  An orc (D:2)
  2 ball pythons (D:1)
  5 giant cockroaches
  11 goblins
  10 hobgoblins
  A quokka (D:2)
  9 bats
  4 frilled lizards
  9 kobolds
  4 rats
70 creatures vanquished.

Notes
Turn   | Place    | Note
-------+----------+-------------------------------------------
     0 | D:1      | Mesmaeker13 the Merfolk Skald began the quest for the Orb.
     0 | D:1      | Reached XP level 1. HP: 16/16 MP: 3/3
   309 | D:1      | Reached XP level 2. HP: 22/22 MP: 5/5
   432 | D:1      | Reached skill level 4 in Polearms
   970 | D:1      | Reached XP level 3. HP: 23/27 MP: 1/6
  1154 | D:2      | Found a faded altar of an unknown god.
  1192 | D:2      | Learned a level 2 spell: Song of Slaying
  1299 | D:2      | Noticed Ijyb
  1308 | D:2      | Killed Ijyb
  1308 | D:2      | Reached XP level 4. HP: 31/33 MP: 0/7
  1387 | D:2      | Found a hazy altar of Hepliaklqana.
  1393 | D:2      | Noticed Robin
  1483 | D:2      | Killed Robin
  1876 | D:2      | Reached XP level 5. HP: 38/38 MP: 8/8
  1894 | D:2      | Noticed Terence
  1966 | D:2      | Reached skill level 5 in Polearms
  2064 | D:3      | Learned a level 2 spell: Shroud of Golubria
  2132 | D:3      | Noticed Grinder
  2146 | D:3      | Paralysed by Grinder for 3 turns
  3105 | D:2      | HP: 1/38 [orc priest/divine providence (11)]
  3110 | D:2      | Gained mutation: You are agile. (Dex +2) [potion of mutation]
  3110 | D:2      | Gained mutation: Your system is resistant to poisons. (rPois) [potion of mutation]
  3110 | D:2      | Gained mutation: You are frail. (-10% HP) [potion of mutation]
  3111 | D:2      | HP: 1/34 [orc (1)]
  3119 | D:2      | Slain by an orc priest

Skill      XL: |  1  2  3  4  5 |
---------------+----------------+-----
Polearms       | 4 5 |  5.3
Dodging        | 2 3 4 |  4.0
Charms         | 4 |  4.5
Fighting       | |  2.1
Armour         | |  0.6
Spellcasting   | |  2.0

Action                   |  1- 3 |  4- 6 || total
-------------------------+-------+-------++-------
Melee: Spear             |   118 |   174 ||   292
 Cast: Infusion          |     7 |    11 ||    18
       Song of Slaying   |       |     1 ||     1
  Use: Scroll            |       |     4 ||     4
       Potion            |       |     4 ||     4
  Eat: Chunk             |     1 |     7 ||     8
Armor: Leather armour    |    16 |    46 ||    62
Dodge: Dodged            |    44 |    96 ||   140
